 Dungeon Crawl Stone Soup version 0.29-a0-96-g93358da72b (webtiles) character file.

Game seed: 4761201793806854221

186 siradein the Insei (level 5, 0/42 HPs)
             Began as a Draconian Transmuter on Feb 10, 2022.
             Succumbed to a killer bee's poison
             ... on level 4 of the Dungeon.
             The game lasted 00:08:07 (3082 turns).

siradein the Insei (Draconian Transmuter)           Turns: 3082, Time: 00:08:07

Health: 0/42       AC:  8    Str: 18    XL:     5   Next: 38%
Magic:  9/9        EV: 12    Int: 14    God:
Gold:   62         SH:  0    Dex: 13    Spells: 3/9 levels left

rFire   . . .      SeeInvis .   a - +5 spear
rCold   . . .      Faith    .   (no shield)
rNeg    . . .      Spirit   .   (armour unavailable)
rPois   .          Reflect  .   (helmet restricted)
rElec   .          Harm     .   (no cloak)
rCorr   .          Rampage  .   h - +2 pair of gloves
Will    .....                   (no boots)
Stlth   +.........              (no amulet)
HPRegen 0.14/turn               b - +6 ring of strength
MPRegen 0.11/turn               (no ring)

@: lethally poisoned (0 -> -3)
A: AC +5, unfitting armour, cold-blooded
a: no special abilities


You were on level 4 of the Dungeon.
You visited 1 branch of the dungeon, and saw 4 of its levels.

You collected 62 gold pieces.

Inventory:

Hand Weapons
 a - a +5 spear (weapon)
Armour
 h - a +2 pair of gloves (worn)
Jewellery
 b - a +6 ring of strength (left hand)
 d - an amulet of faith
Wands
 g - a wand of flame (20)
Scrolls
 c - 4 scrolls of teleportation
 e - a scroll of amnesia


   Skills:
 + Level 2.5 Fighting
 + Level 2.8 Dodging
 + Level 3.8 Unarmed Combat
 + Level 2.9 Spellcasting
 + Level 3.0 Transmutations


You had 3 spell levels left.
You knew the following spells:

 Your Spells              Type           Power      Damage    Failure   Level
a - Beastly Appendage     Tmut           20%        N/A       6%          1
b - Wereblood             Tmut           10%        N/A       10%         2
c - Spider Form           Tmut/Pois      6%         N/A       34%         3

Your spell library contained the following spells:

 Spells                   Type           Power      Damage    Failure   Level
 Gell's Gravitas          Tloc           2%         N/A       54%         3
 Lesser Beckoning         Tloc           2%         N/A       54%         3
 Teleport Other           Tloc           2%         N/A       54%         3
 Ice Form                 Ice/Tmut       6%         N/A       75%         4


Dungeon Overview and Level Annotations

Branches:
Dungeon (4/15)
 Temple: D:4-7

Altars:


Innate Abilities, Weirdness & Mutations

Your plain brown scales are hard. (AC +5)
You cannot fit into any form of body armour.
You are cold-blooded and may be slowed by cold attacks.


Message History

a +0 hand axe; a +0 hand axe; an orc corpse You see here an adder corpse.
You miss the killer bee. Your kick misses the killer bee.
The killer bee stings you!
You are poisoned.
The killer bee poisons you! The killer bee stings you.
You are more poisoned.
The killer bee poisons you! The killer bee stings you.
You barely miss the killer bee.
Your horns disappear.
Your talons disappear.
You feel very sick. The killer bee stings you. The killer bee stings you!
You are too injured to fight recklessly!
Unknown command.
You aren't carrying any potions.
Okay, then.
Blink to where?
Press: ? - help, Dir - move target, f - you
Okay, then.
* * * LOW HITPOINT WARNING * * *
You feel very sick. The killer bee barely misses you.
The killer bee closely misses you.
Unknown command.
Unknown command.
Blink to where?
Press: ? - help, Dir - move target
As you read the scroll of blinking, it crumbles to dust.
* * * LOW HITPOINT WARNING * * *
You feel very sick.
* * * LOW HITPOINT WARNING * * *
You feel sick.
* * * LOW HITPOINT WARNING * * *
You feel sick.
* * * LOW HITPOINT WARNING * * *
You feel sick.
* * * LOW HITPOINT WARNING * * *
You feel sick.
* * * LOW HITPOINT WARNING * * *
You feel sick.
You die...

........##
.##.....y# ###
#####..####..#
#.y.....#
###.y....#
#....y##.#
#.####...# ...
##..## #..
##.@..####..
#..
#...<....... #.
#...........<..
#...........#.#
..........#.##
..##.#...####
## #.#....
....... #
....#.


You could see 4 killer bees.

Vanquished Creatures
  A hound (D:4)
  Natasha (twice) (D:2)
  3 adders
  5 worms
  7 orcs
  2 ball pythons
  3 bats
  7 endoplasms
  A giant cockroach (D:4)
  2 goblins
  6 hobgoblins
  6 jackals (D:3)
  4 quokkas
  5 frilled lizards
  4 kobolds
  2 rats
60 creatures vanquished.

Notes
Turn   | Place    | Note
-------+----------+-------------------------------------------
     0 | D:1      | siradein the Draconian Transmuter began the quest for the
                  | Orb.
     0 | D:1      | Reached XP level 1. HP: 16/16 MP: 3/3
   200 | D:1      | Found a faded altar of an unknown god.
   202 | D:1      | Noticed a floating eye
   202 | D:1      | Noticed a great orb of eyes
   208 | D:1      | Noticed a floating eye
   253 | D:1      | Reached XP level 2. HP: 23/23 MP: 3/5
   358 | D:1      | You fall into a shaft and drop 1 floor!
   585 | D:2      | Reached XP level 3. HP: 22/29 MP: 4/6
   767 | D:2      | Noticed Natasha
   772 | D:2      | Learned a level 2 spell: Wereblood
   776 | D:2      | Learned a level 3 spell: Spider Form
   781 | D:2      | Killed Natasha
   901 | D:2      | Noticed Natasha
  1275 | D:2      | Killed Natasha
  1276 | D:2      | Reached XP level 4. HP: 34/36 MP: 4/7
  2360 | D:3      | Reached XP level 5. HP: 42/42 MP: 7/9
  3080 | D:4      | HP: 2/42 [poisoned by a killer bee]
  3082 | D:4      | Succumbed to a killer bee's poison

Illustrated notes

Levels and vault maps discovered:
D:1:      wander_arrival_abandoned_jail, layout_basic, serial_corexii_hall,
          corexii_hall_statues_u, chequers_hall_statues_y,
          hellmonk_ecumenical_altar_watching_god, minmay_strange_pillars,
          minmay_misc_feat_chi, fountainhead
D:2:      layout_loops_ring, uniq_natasha
D:3:      layout_basic, st_stairs_6
D:4:      layout_cave_pools, kennysheep_ying_yang, kennysheep_little_box,
          nicolae_uskayaw_murder_on_the_dancefloor,
          nicolae_overflow_crystal_walls, gammafunk_temple_overflow_pools

Skill      XL: |  1  2  3  4  5 |
---------------+----------------+-----
Dodging        | 2 |  2.8
Fighting       | 2 |  2.5
Transmutations | 3 |  3.0
Unarmed Combat | |  3.8
Spellcasting   | |  2.9

Action                   |  1- 3 |  4- 6 || total
-------------------------+-------+-------++-------
Melee: Unarmed           |    62 |    65 ||   127
       Headbutt          |    14 |    12 ||    26
       Tailslap          |     7 |     9 ||    16
       Kick              |    11 |    15 ||    26
       Punch             |     1 |     1 ||     2
       Spear             |       |    31 ||    31
 Cast: Beastly Appendage |    19 |    18 ||    37
       Wereblood         |     3 |     2 ||     5
  Use: Scroll            |       |     5 ||     5
 Stab: Sleeping          |       |     1 ||     1
Armor: Skin              |    13 |    25 ||    38
Dodge: Dodged            |    33 |    63 ||    96

Table legend: (Time is in decaauts)
 A = Elapsed time spent in this place.
 B = Non-inter-level travel time spent in this place.
 C = Inter-level travel time spent in this place.
 D = Time resting spent in this place.
 E = Time spent auto-exploring this place.
 F = Levels seen in this place.
 G = Mean time per level.
                   A        B        C        D        E       F      G
               +--------+--------+--------+--------+--------+-----+--------+
         Total |   3077 |   2917 |    160 |    100 |   2374 |   4 |  769.2 |
       Dungeon |   3077 |   2917 |    160 |    100 |   2374 |   4 |  769.2 |
               +--------+--------+--------+--------+--------+-----+--------+

Top non-repeatable levels by time:
     D:3: 1456 daAuts
     D:2: 1177 daAuts
     D:1: 357 daAuts
     D:4: 85 daAuts
